AoeStats
← awsdaws23

Black Forest

509619751Analyzed
3v3 RM · 3d ago on Sep 27, 2026· 67m 44s· 6 players
Game mode
Random Map
Map size
Normal (6 player)
Population
200
Speed
Normal
Resources
Standard
Victory
Conquest
Starting age
Dark Age
Ending age
Imperial Age
RankedLock teamsTeams togetherTeam positionsShared explorationLock speedFull tech treeHidden civsTurbo modeCheats
Victory
Defeat
🇦🇺 Vietnamese · Australia
710
+13
🇪🇸 Persians · Spain
668
+15
🇦🇺 Spanish · Australia
629
+16
🇨🇦 Malians · Canada
753
-19
🇫🇷 Khmer · France
701
-17
🇫🇷 Britons · France
470
-8
fat sandwiches
1:04 Loom
11:49 Feudal Age
19:43 Castle Age
17:53 Horse Collar
18:22 Double-Bit Axe
20:46 Heavy Plow
20:46 Stone Mining
20:48 Gold Mining
21:17 Bow Saw
22:16 Town Watch
24:42 Wheelbarrow
26:29 Hand Cart
26:15 Treadmill Crane
26:56 Ballistics
31:20 Husbandry
31:31 Bloodlines
30:48 Light Cavalry
34:17 Imperial Age
31:55 Squires
31:16 Pikeman
31:41 Arson
36:03 Two-Man Saw
35:36 Crop Rotation
35:02 Fletching
36:15 Chemistry
35:11 Murder Holes
35:37 Cavalier
36:36 Cavalier
37:52 Halberdier
38:29 Bodkin Arrow
38:37 Scale Mail Armor
38:37 Padded Archer Armor
38:43 Scale Barding Armor
38:49 Forging
38:54 Fortified Wall
40:21 Hoardings
40:09 Paper Money
40:28 Hoardings
42:20 Thumb Ring
41:35 Elite Skirmisher
41:49 Elite Rattan Archer
43:34 Imperial Skirmisher
48:00 Elite Fire Lancer
49:21 Bracer
49:38 Chain Mail Armor
49:59 Iron Casting
49:40 Leather Archer Armor
49:45 Chain Barding Armor
50:15 Chatras
55:11 Town Patrol
55:47 Plate Mail Armor
55:52 Plate Barding Armor
55:56 Guilds
55:47 Caravan
56:17 Coinage
56:20 Ring Archer Armor
55:42 Heated Shot
56:03 Masonry
55:58 Siege Engineers
56:15 Bombard Tower
55:40 Arrowslits
55:45 Guard Tower
56:10 Clinker Construction
56:10 Careening
58:32 Herbal Medicine
59:13 Theocracy
58:38 Devotion
59:04 Illumination
59:25 Banking
60:53 Elite Battle Elephant
65:47 Keep
j.santosddd
1:17 Loom
12:26 Feudal Age
13:01 Double-Bit Axe
13:55 Wheelbarrow
24:56 Castle Age
23:20 Stone Mining
23:50 Horse Collar
24:52 Scale Barding Armor
24:58 Forging
25:59 Hand Cart
25:49 Gold Mining
28:24 Stone Shaft Mining
28:36 Bow Saw
30:51 Chain Barding Armor
30:54 Caravan
34:53 Heavy Plow
36:23 Husbandry
39:47 Iron Casting
39:34 Masonry
40:34 Bloodlines
43:18 Imperial Age
44:10 Architecture
44:29 Cavalier
45:51 Plate Barding Armor
45:53 Crop Rotation
47:00 Elite War Elephant
55:47 Blast Furnace
54:41 Savar
56:47 Chemistry
56:08 Ballistics
66:05 Heated Shot
66:23 Siphons
awsdaws23
12:27 Feudal Age
11:51 Loom
18:04 Castle Age
20:11 Double-Bit Axe
22:10 Horse Collar
26:10 Town Watch
27:01 Wheelbarrow
32:30 Imperial Age
33:51 Conscription
34:05 Hand Cart
35:32 Caravan
35:45 Gold Mining
37:25 Heavy Plow
37:48 Scale Barding Armor
37:38 Pikeman
41:13 Squires
40:34 Halberdier
41:10 Elite Skirmisher
41:55 Thumb Ring
43:31 Fortified Wall
43:18 Murder Holes
43:45 Ballistics
44:56 Chain Barding Armor
44:37 Padded Archer Armor
44:28 Fletching
47:44 Bow Saw
48:48 Chemistry
48:08 Elite Conquistador
50:09 Forging
50:04 Scale Mail Armor
50:52 Onager
61:17 Bloodlines
61:08 Husbandry
62:46 Iron Casting
62:46 Plate Barding Armor
62:28 Leather Archer Armor
62:09 Bodkin Arrow
62:30 Chain Mail Armor
Emperador1988
8:09 Loom
14:31 Feudal Age
15:19 Horse Collar
15:26 Double-Bit Axe
16:15 Gold Mining
17:10 Stone Mining
18:08 Wheelbarrow
24:31 Castle Age
23:22 Forging
23:12 Scale Mail Armor
23:35 Town Watch
24:08 Bloodlines
25:18 Heavy Plow
25:28 Bow Saw
26:35 Stone Shaft Mining
28:07 Gold Shaft Mining
28:17 Hand Cart
33:19 Light Cavalry
33:31 Pikeman
34:14 Husbandry
34:07 Fletching
34:53 Iron Casting
34:33 Chain Mail Armor
42:11 Imperial Age
40:08 Town Patrol
40:24 Fervor
42:31 Scale Barding Armor
42:22 Bodkin Arrow
42:32 Squires
42:18 Arson
43:16 Conscription
44:18 Capped Ram
Sebgir
13:51 Feudal Age
15:27 Double-Bit Axe
15:25 Horse Collar
Crowbeard
6:19 Loom
13:44 Feudal Age
15:05 Double-Bit Axe
15:36 Horse Collar
18:05 Town Watch
22:11 Castle Age
20:34 Stone Mining
20:49 Gold Mining
23:17 Bow Saw
24:28 Padded Archer Armor
24:21 Fletching
25:14 Wheelbarrow
24:46 Heavy Plow
25:27 Stone Shaft Mining
25:25 Bodkin Arrow
28:54 Gold Shaft Mining
29:26 Hand Cart
31:15 Town Patrol
37:36 Imperial Age
36:15 Murder Holes
36:32 Masonry
36:30 Tusk Swords
38:48 Conscription
39:46 Crop Rotation
39:33 Forging
40:45 Double Crossbow
41:37 Ballistics
41:29 Fortified Wall
41:39 Man-at-Arms
44:24 Architecture
43:52 Long Swordsman
45:28 Hoardings
45:26 Elite Ballista Elephant
47:38 Husbandry
47:54 Scale Barding Armor
48:52 Siege Engineers
49:27 Iron Casting
51:17 Onager
53:55 Bracer
53:57 Scale Mail Armor
53:55 Pikeman
58:05 Halberdier
Connection lost

Rejoining the realm…

Still unreachable

The connection could not be restored.

Session expired

The server has moved on; the page needs a fresh start.